 Dungeon Crawl Stone Soup version 0.24-a0-487-g57318f2ed0 (webtiles) character file.

Game seed: 13340294157051141714

67 Azzok the Digger (level 4, 30/30 HPs)
             Began as a Demonspawn Earth Elementalist on July 10, 2019.
             Was an Initiate of Vehumet.
             Quit the game on level 2 of the Dungeon.
             The game lasted 00:02:51 (2162 turns).

Azzok the Digger (Demonspawn Earth Elementalist)    Turns: 2162, Time: 00:02:51

Health: 30/30      AC:  7    Str:  9    XL:     4   Next: 0%
Magic:  8/8        EV: 12    Int: 17    God:    Vehumet [......]
Gold:   108        SH:  0    Dex: 15    Spells: 8/9 levels left

rFire    . . .     SeeInvis .   f - +0 short sword (drain)
rCold    . . .     Gourm    .   (no shield)
rNeg     . . .     Faith    .   k - +2 robe {Archmagi}
rPois    .         Spirit   .   (no helmet)
rElec    .         Reflect  .   (no cloak)
rCorr    .         Harm     .   e - +0 pair of gloves
MR       .....                  c - +1 pair of boots
Stlth    ++........             (no amulet)
HPRegen  0.10/turn              (no ring)
MPRegen  0.11/turn              (no ring)

@: no status effects
A: thin skeletal structure 1, spiny 1
a: Renounce Religion


You were on level 2 of the Dungeon.
You worshipped Vehumet.
Vehumet was noncommittal.
You were not hungry.

You visited 1 branch of the dungeon, and saw 2 of its levels.

You collected 108 gold pieces.

Inventory:

Hand Weapons
 f - a +0 short sword of draining (weapon)
Missiles
 b - 146 stones (quivered)
Armour
 c - a +1 pair of boots (worn)
 e - a +0 pair of gloves (worn)
 k - a +2 robe of the Archmagi (worn)
Scrolls
 a - 3 scrolls of identify {unknown}
 h - 4 scrolls of teleportation {unknown}
 l - a scroll of blinking {unknown}
 m - 4 scrolls of amnesia {unknown}
Potions
 g - a potion of ambrosia {unknown}
 j - 2 potions of heal wounds {unknown}
 n - a potion of magic {unknown}
Comestibles
 d - 4 rations
 i - 4 chunks of flesh


   Skills:
 - Level 1.7 Dodging
 - Level 1.7 Stealth
 + Level 3.1 Spellcasting
   Level 0.8 Transmutations
 + Level 3.6 Earth Magic


You had 8 spell levels left.
You knew the following spells:

 Your Spells              Type           Power        Failure   Level  Hunger
a - Sandblast             Erth           ###...       3%          1    None

Your spell library contained the following spells:

 Spells                   Type           Power        Failure   Level  Hunger
 Passwall                 Tmut/Erth      ###.....     11%         2    ##.....
 Stone Arrow              Conj/Erth      ##....       24%         3    ###....
 Petrify                  Tmut/Erth      ###.....     56%         4    ####...
 Lee's Rapid Deconstruct  Erth           ###.......   71%         5    ######.


Dungeon Overview and Level Annotations

Branches:
Dungeon (2/15)

Altars:
Dithmenos
Gozag
Vehumet
Xom
Yredelemnul


Innate Abilities, Weirdness & Mutations

You have a somewhat thin skeletal structure. (Dex +2, Stealth)
You are partially covered in sharp spines.


Message History

The helpless worm fails to defend itself.
You puncture the worm! You drain the worm.
The worm is heavily wounded.
The worm barely misses you.
You hit the worm.
The worm is severely wounded.
You hit the worm. You drain the worm.
The worm is almost dead.
The worm bites you.
You hit the worm.
You kill the worm!
Vehumet accepts your kill.
You have reached level 4!
You feel stronger.
Your demonic ancestry asserts itself...
Sharp spines emerge from parts of your body.
You butcher the worm corpse.
i - 4 chunks of flesh (gained 2)
A frilled lizard and a rat come into view.
Found two shimmering altars of Xom.
Are you sure you want to abandon this character and quit the game? (Confirm with "yes".)

▒·▒ ▒▒▒·▒▒▒▒·▒▒·▒▒·▒ ▒·▒
▒·▒ ▒·▒▒·▒▒·▒▒ ▒·▒
▒▒▒▒▒·▒ ▒·▒▒·▒···▒▒ ▒▒▒
▒·▒ ▒·····▒ ▒·▒▒··▒▒▒·▒▒
▒▒·· ▒·· ▒·▒▒▒·▒▒
▒·▒▒·▒▒ ▒▒·▒▒▒··· ▒▒▒
▒▒·▒▒▒····▒▒▒▒▒·······
▒▒·▒▒▒▒▒·▒▒··÷·▒▒▒···
▒▒·▒▒▒▒·▒▒'▒·▒▒ ▒▒>▒
▒▒@··▒▒▒▒·▒▒▒▒▒▒▒·▒
l·^_···▒▒▒▒▒▒▒·▒▒·······
^···▒·· ▒▒···▒▒·▒▒▒▒·▒
≈r ▒▒▒ ▒·▒▒▒▒▒·▒ ▒··
▒▒'▒ ▒·▒ ▒·▒ ▒▒▒▒··▒ ▒·▒
▒·▒ ▒▒▒▒▒▒····▒▒ ▒·▒ ▒·▒
·······▒)▒▒▒▒▒▒▒·▒ ▒·▒
······>÷·········▒▒▒▒·▒


You could see a frilled lizard (sleeping) and a rat (sleeping).

Vanquished Creatures
  An adder (D:2)
  2 worms (D:2)
  2 leopard geckos
  2 giant cockroaches (D:1)
  8 goblins
  7 hobgoblins
  5 jackals (D:1)
  A ball python (D:1)
  A bat (D:2)
  6 frilled lizards
  7 kobolds
  7 rats
49 creatures vanquished.

Notes
Turn   | Place    | Note
-------+----------+-------------------------------------------
     0 | D:1      | Azzok the Demonspawn Earth Elementalist began the quest for
                  | the Orb.
     0 | D:1      | Reached XP level 1. HP: 13/13 MP: 3/3
    75 | D:1      | You fall into a shaft and drop 1 floor!
   376 | D:1      | Gained mutation: You have a somewhat thin skeletal
                  | structure. (Dex +2, Stealth) [demonic ancestry]
   376 | D:1      | Reached XP level 2. HP: 19/19 MP: 0/5
   805 | D:1      | Reached XP level 3. HP: 16/24 MP: 0/7
  1501 | D:2      | Found an opulent altar of Gozag.
  1512 | D:2      | Found a basalt altar of Yredelemnul.
  1515 | D:2      | Found a radiant altar of Vehumet.
  1519 | D:2      | Became a worshipper of Vehumet
  1776 | D:2      | Found a shadowy altar of Dithmenos.
  2105 | D:2      | Gained mutation: You are partially covered in sharp spines.
                  | [demonic ancestry]
  2105 | D:2      | Reached XP level 4. HP: 27/30 MP: 8/8
  2161 | D:2      | Found a shimmering altar of Xom.
  2161 | D:2      | Found a shimmering altar of Xom.
  2162 | D:2      | Quit the game

Levels and vault maps discovered:
D:1:      dpeg_arrival_connections, layout_basic
D:2:      layout_loops_ring, xom_redecorated, grunt_temple_overflow_diamond,
          grunt_dithmenos_smoke_and_mirrors, first_ration,
          kennysheep_nondescript

Skill      XL: |  1  2  3 |
---------------+----------+-----
Earth Magic    | 3 |  3.6
Spellcasting   | 3 |  3.1
Dodging        | |  1.7
Stealth        | |  1.7
Transmutations | |  0.8

Action                   |  1- 3 |  4- 6 || total
-------------------------+-------+-------++-------
Melee: Short sword       |    83 |       ||    83
       Unarmed           |     3 |       ||     3
 Cast: Sandblast         |    24 |       ||    24
 Stab: Sleeping          |     7 |       ||     7
  Eat: Chunk             |     4 |       ||     4
Armor: Robe              |    24 |       ||    24
Dodge: Dodged            |    59 |       ||    59

Table legend:
 A = Non-vault XP
 B = Vault XP
 C = Vault XP percentage of total XP
 D = Non-vault monster count
 E = Vault monster count
 F = Vault count percentage of total count
                 A         B        C        D         E       F
            +---------+---------+-------+---------+---------+-------
      Total |      97 |       0 |   0.0 |      49 |       0 |   0.0
            +---------+---------+-------+---------+---------+-------
        D:1 |      51 |       0 |   0.0 |      30 |       0 |   0.0
        D:2 |      46 |       0 |   0.0 |      19 |       0 |   0.0
            +---------+---------+-------+---------+---------+-------
